 Dungeon Crawl Stone Soup version 0.25-a0-804-g50c693f418 (webtiles) character file.

Game seed: 3360709324250962290, levelgen mode: deterministic

157 Error4North the Chopper (level 5, -3/46 HPs)
             Began as a Hill Orc Fighter on Apr 19, 2020.
             Was an Initiate of Okawaru.
             Slain by a killer bee (5 damage)
             ... on level 3 of the Dungeon on Apr 20, 2020.
             The game lasted 00:07:57 (1916 turns).

Error4North the Chopper (Hill Orc Fighter)          Turns: 1916, Time: 00:07:58

Health: -3/46      AC:  9    Str: 20    XL:     5   Next: 38%
Magic:  5/5        EV:  5    Int:  8    God:    Okawaru [......]
Gold:   147        SH:  9    Dex: 10    Spells: 4/4 levels left

rFire    . . .     SeeInvis .   a - +0 war axe
rCold    . . .     Gourm    .   c - +0 kite shield
rNeg     . . .     Faith    .   m - +0 chain mail
rPois    .         Spirit   .   (no helmet)
rElec    .         Reflect  .   (no cloak)
rCorr    .         Harm     .   (no gloves)
MR       .....                  (no boots)
Stlth    ..........             (no amulet)
HPRegen  0.15/turn              (no ring)
MPRegen  0.09/turn              (no ring)

@: mighty
A: no striking features
a: Renounce Religion


You were on level 3 of the Dungeon.
You worshipped Okawaru.
Okawaru was noncommittal.
You were not hungry.

You visited 1 branch of the dungeon, and saw 3 of its levels.

You collected 147 gold pieces.

Inventory:

Hand Weapons
 a - a +0 war axe (weapon)
Armour
 c - a +0 kite shield (worn)
 m - a +0 chain mail (worn)
Scrolls
 b - a scroll of noise {unknown}
 h - 3 scrolls of identify {unknown}
 l - 3 scrolls of magic mapping {unknown}
Potions
 k - 2 potions of magic {unknown}
Comestibles
 f - 5 rations
 g - 9 chunks of flesh


   Skills:
 * Level 4.1 Fighting
 + Level 4.5 Axes
 * Level 4.1 Armour
 + Level 0.4 Dodging
 * Level 4.5 Shields


You had 4 spell levels left.
You didn't know any spells.
Your spell library contained the following spells:

 Spells                   Type           Power        Failure   Level  Hunger
 Animate Skeleton         Necr           N/A          100%        1    ##.....
 Pain                     Necr           #...         100%        1    ##.....
 Vampiric Draining        Necr           #.........   100%        3    ####...
 Animate Dead             Necr           N/A          100%        4    #####..
 Agony                    Necr           #.......     100%        5    ######.


Dungeon Overview and Level Annotations

Branches:
Dungeon (3/15)

Altars:
Okawaru
Ru


Message History

You block the killer bee's attack.
The killer bee stings you but does no damage.
The killer bee stings you.
* * * LOW HITPOINT WARNING * * *
You are more poisoned.
The killer bee poisons you! The killer bee stings you.
* * * LOW HITPOINT WARNING * * *
The killer bee stings you.
* * * LOW HITPOINT WARNING * * *
Unknown command.
It was a potion of curing.
You feel better. You block the killer bee's attack.
The killer bee stings you but does no damage.
You block the killer bee's attack. The killer bee stings you.
* * * LOW HITPOINT WARNING * * *
The killer bee stings you.
* * * LOW HITPOINT WARNING * * *
The killer bee barely misses you. The killer bee stings you.
* * * LOW HITPOINT WARNING * * *
The killer bee stings you.
You die...

#..#.. .# #..##. . #.#
#..... ..
#######.#####.###. ...
#...........#> .. ....
#...........#. ##. .....
#...........#. ##.
.....?#y..........#.....
.....by@..........+.....
......yy..........#.#...
#####..######........##.
#.. ..###.....#.[##.
<... ................
#.##. #.###.....##.#..
... #. #...####.... .#
.. #...........
#.#.#.##....


You could see 4 killer bees and a bat.

Vanquished Creatures
  A worker ant (D:3)
  2 adders
  An ooze (D:2)
  5 worms
  3 dart slugs
  2 leopard geckos
  An orc (D:3)
  9 bats
  2 giant cockroaches (D:1)
  12 goblins
  12 hobgoblins
  5 jackals
  A quokka (D:2)
  2 ball pythons
  6 frilled lizards
  9 kobolds
  10 rats
83 creatures vanquished.

Notes
Turn   | Place    | Note
-------+----------+-------------------------------------------
     0 | D:1      | Error4North the Hill Orc Fighter began the quest for the
                  | Orb.
     0 | D:1      | Reached XP level 1. HP: 19/19 MP: 1/1
    84 | D:1      | Reached XP level 2. HP: 19/27 MP: 2/2
   285 | D:1      | Reached XP level 3. HP: 29/33 MP: 3/3
   544 | D:2      | Found an iron altar of Okawaru.
   559 | D:2      | Became a worshipper of Warmaster Okawaru
   678 | D:2      | Reached XP level 4. HP: 40/40 MP: 4/4
   705 | D:2      | Found a sacrificial altar of Ru.
  1343 | D:3      | Found a faded altar of an unknown god.
  1386 | D:3      | Reached XP level 5. HP: 22/46 MP: 5/5
  1915 | D:3      | HP: 2/46 [killer bee (2)]
  1916 | D:3      | Slain by a killer bee

Levels and vault maps discovered:
D:1:      nzn_arrival_settlement, layout_rooms, supply_closet_lemuel,
          minmay_heptomino_h4
D:2:      layout_loops_ring, marbit_many_paths, okawaru_gym_becter
D:3:      layout_basic, chequers_ecumenical_altar_simple_redux

Skill      XL: |  1  2  3  4 |
---------------+-------------+-----
Axes           | 3 4 |  4.5
Shields        | 4 |  4.5
Fighting       | 4 |  4.1
Armour         | 4 |  4.1
Dodging        | |  0.4

Action                   |  1- 3 |  4- 6 || total
-------------------------+-------+-------++-------
Melee: War axe           |   110 |   129 ||   239
Throw: Boomerang         |       |     8 ||     8
  Use: Potion            |       |     2 ||     2
  Eat: Chunk             |       |     4 ||     4
Armor: Scale mail        |    83 |    29 ||   112
       Chain mail        |       |    36 ||    36
Dodge: Dodged            |    40 |    45 ||    85
Block: Kite shield       |    65 |    76 ||   141

Table legend:
 A = Non-vault XP
 B = Vault XP
 C = Vault XP percentage of total XP
 D = Non-vault monster count
 E = Vault monster count
 F = Vault count percentage of total count
                 A         B        C        D         E       F
            +---------+---------+-------+---------+---------+-------
      Total |     215 |      10 |   4.4 |      81 |       2 |   2.4
            +---------+---------+-------+---------+---------+-------
        D:1 |      50 |       2 |   3.8 |      27 |       1 |   3.6
        D:2 |      63 |       8 |  11.3 |      28 |       1 |   3.4
        D:3 |     102 |       0 |   0.0 |      26 |       0 |   0.0
            +---------+---------+-------+---------+---------+-------
